 Dungeon Crawl Stone Soup version 0.31-b1-22-gc680215f68 (webtiles) character file.

Game seed: 9494082052573664548

3642 Sweeb the Slasher (level 9, -8/72 HPs)
             Began as a Demonspawn Gladiator on Jan 18, 2024.
             Was a Believer of Wu Jian.
             Mangled by a two-headed ogre
             ... wielding a +0 giant club
              (26 damage)
             ... on level 9 of the Dungeon.
             The game lasted 00:23:48 (6404 turns).

Sweeb the Slasher (Demonspawn Gladiator)            Turns: 6404, Time: 00:23:49

Health: -8/72      AC: 19    Str: 21    XL:     9   Next: 88%
Magic:  13/13      EV: 14    Int:  9    God:    Wu Jian [**....]
Gold:   73         SH:  6    Dex: 18    Spells: 14/14 levels left

rFire   . . .        o - +2 Maxwell's thermic engine {flame, freeze, rev}
rCold   . . .        F - +0 buckler
rNeg    . . .        m - +0 ring mail
rPois   .            (helmet unavailable)
rElec   .            B - +2 cloak {Stlth+}
rCorr   .            b - +0 pair of gloves
SInv    +            u - +2 pair of boots
Will    .....        (no amulet)
Stlth   ++           w - +4 ring of protection
HPRegen 0.32/turn    A - +6 ring of strength
MPRegen 0.13/turn

%: no passive effects
@: no status effects
A: antennae 3, molten scales 2, ignite blood 1
a: Renounce Religion, Wall Jump


You were on level 9 of the Dungeon.
You worshipped Wu Jian.
Wu Jian was pleased with you.
You visited 2 branches of the dungeon, and saw 10 of its levels.

You collected 464 gold pieces.
You spent 391 gold pieces at shops.

Inventory:

Hand Weapons
 a - a +0 flail
 l - a +0 whip
 o - the +2 Maxwell's thermic engine (weapon) {flame, freeze, rev}
   (You found it on level 2 of the Dungeon)
Missiles
 d - 3 throwing nets (quivered)
 e - a javelin
Armour
 b - a +0 pair of gloves (worn)
 m - a +0 ring mail (worn)
 u - a +2 pair of boots (worn)
 B - a +2 cloak of stealth (worn)
 F - a +0 buckler (worn)
Jewellery
 w - a +4 ring of protection (left hand)
 A - a +6 ring of strength (right hand)
Talismans
 s - a blade talisman
 H - a serpent talisman
Wands
 r - a wand of flame (3)
 v - a wand of mindburst (6)
 z - a wand of iceblast (14)
Scrolls
 f - 3 scrolls of immolation {unknown}
 g - 10 scrolls of identify {unknown}
 h - a scroll of amnesia {unknown}
 j - 5 scrolls of teleportation {unknown}
 k - a scroll of silence {unknown}
 p - a scroll of torment {unknown}
 t - a scroll of poison {unknown}
 y - a scroll of fog {unknown}
 C - a scroll of noise {unknown}
 G - a scroll of enchant weapon {unknown}
Potions
 i - a potion of haste {unknown}
 n - a potion of curing {unknown}
 q - 2 potions of degeneration {unknown}
 D - 3 potions of lignification {unknown}
 E - a potion of cancellation {unknown}


   Skills:
 + Level 7.1 Fighting
 + Level 7.7 Long Blades
 - Level 3.5 Maces & Flails
 - Level 1.7 Throwing
 - Level 5.8 Dodging
 * Level 4.7 Shields
 + Level 3.2 Spellcasting


You had 14 spell levels left.
You didn't know any spells.
Your spell library contained the following spells:

 Spells                   Type           Power      Damage    Failure   Level
 Necrotise                Necr           4%         1d4       52%         1
 Gell's Gravitas          Tloc           1%         N/A       88%         3
 Teleport Other           Tloc           1%         N/A       88%         3
 Vampiric Draining        Necr           1%         2d6       88%         3
 Martyr's Knell           Necr/Summ      1%         N/A       99%         4
 Curse of Agony           Necr           1%         N/A       100%        5
 Dispersal                Tloc           0%         N/A       100%        6


Dungeon Overview and Level Annotations

Branches:
Dungeon (9/15)             Temple (1/1) D:4            Lair (0/5) D:8
    Orc: D:9-12

Altars:
Cheibriados
Dithmenos
Fedhas
Hepliaklqana
Kikubaaqudgha
Makhleb
Nemelex Xobeh
Okawaru
Qazlal
Ru
Sif Muna
Trog
Uskayaw
Wu Jian
Xom

Shops:
D:6 [![   D:8 :

Annotations:
D:2 1 runed translucent door, Crazy Yiuf


Innate Abilities, Weirdness & Mutations

You have a pair of large antennae on your head. (SInv)
You are mostly covered in molten scales. (AC +3)
Your demonic aura sometimes causes spilled blood to erupt in flames.


Message History

The Council accepts your kill.
You slice the wight!! You burn the wight.
You destroy the wight!
The Council accepts your kill.
Items here: ))) [[[.
A two-headed ogre comes into view. It is wielding two +0 giant clubs.
Things that are here:
a +2 scimitar of protection; a +0 robe The two-headed ogre shouts in stereo!
Things that are here:
a +2 scimitar of protection; a +0 robe
Items here: ))) [[[.
You lunge at the two-headed ogre.
You slash the two-headed ogre! You burn the two-headed ogre.
You freeze the two-headed ogre.
The two-headed ogre is moderately wounded.
The two-headed ogre closely misses you.
The two-headed ogre hits you with a +0 giant club!!
Items here: ))) [[[.
You hit the two-headed ogre. You burn the two-headed ogre.
You freeze the two-headed ogre.
The two-headed ogre is moderately wounded.
The two-headed ogre barely misses you. You block the two-headed ogre's attack.
You barely miss the two-headed ogre.
The two-headed ogre is moderately wounded.
You block the two-headed ogre's attack.
The two-headed ogre completely misses you.
You barely miss the two-headed ogre.
The two-headed ogre is moderately wounded.
You hit the two-headed ogre. You burn the two-headed ogre.
You freeze the two-headed ogre.
The two-headed ogre is heavily wounded.
The two-headed ogre is engulfed in blazing flames.
The two-headed ogre hits you with a +0 giant club!!
The two-headed ogre hits you with a +0 giant club!
* * * LOW HITPOINT WARNING * * *
You barely miss the two-headed ogre.
The two-headed ogre is severely wounded.
The two-headed ogre is engulfed in blazing flames.
The two-headed ogre hits you with a +0 giant club!!
You die...

#..# #..# # #..# .#
#..#####..#
#.........#
#.........#
#..)....$.#
#O#######.# #@# #.#
#.# #.# #.#
.#########.#######
.................>....
................######
...........|....#


You could see a two-headed ogre.

Vanquished Creatures
  An unseen horror (D:9)
  A komodo dragon (D:8)
  Sigmund (D:4)
  2 yaks (D:8)
  A water moccasin (D:5)
  2 orc warriors
  A sky beast (D:7)
  3 ogres
  2 black bears
  2 ice beasts
  A centaur (D:5)
  2 phantoms
  3 bullfrogs
  A gnoll sergeant (D:6)
  4 scorpions
  4 wights (D:9)
  A howler monkey (D:4)
  3 hounds
  A jelly (D:5)
  5 orc priests
  4 iguanas
  Natasha (thrice) (D:3)
  2 orc wizards
  Robin (D:3)
  5 adders
  5 gnolls (D:6)
  2 shadow imps
  2 white imps
  2 ufetubi (D:5)
  2 dart slugs
  2 ribbon worms
  7 orcs
  5 ball pythons
  6 bats
  4 endoplasms
  3 giant cockroaches (D:4)
  8 hobgoblins
  5 quokkas
  3 frilled lizards
  17 goblins
  7 kobolds
  3 rats (D:1)
139 creatures vanquished.

Notes
Turn   | Place    | Note
-------+----------+-------------------------------------------
     0 | D:1      | Sweeb the Demonspawn Gladiator began the quest for the Orb.
     0 | D:1      | Reached XP level 1. HP: 16/16 MP: 1/1
   120 | D:1      | Gained mutation: You are partially covered in molten
                  | scales. (AC +2) [demonic ancestry]
   120 | D:1      | Reached XP level 2. HP: 20/22 MP: 2/2
   813 | D:2      | Found a runed translucent door.
   814 | D:2      | Noticed Crazy Yiuf
   865 | D:2      | Gained mutation: You are mostly covered in molten scales.
                  | (AC +3) [demonic ancestry]
   865 | D:2      | Reached XP level 3. HP: 20/28 MP: 3/3
  1189 | D:2      | Found the +2 Maxwell's thermic engine {flame, freeze, rev}
  1730 | D:3      | Noticed Natasha
  1736 | D:3      | Killed Natasha
  1737 | D:3      | Reached skill level 1 in Long Blades
  1737 | D:3      | Gained mutation: You have a pair of small antennae on your
                  | head. [demonic ancestry]
  1737 | D:3      | Reached XP level 4. HP: 34/34 MP: 4/4
  1804 | D:3      | Found an ancient bone altar of Kikubaaqudgha.
  1811 | D:3      | Noticed Natasha
  1818 | D:3      | Killed Natasha
  1886 | D:3      | Noticed Robin
  1917 | D:3      | Killed Robin
  1924 | D:3      | Gained mutation: Your demonic aura sometimes causes spilled
                  | blood to erupt in flames. [demonic ancestry]
  1924 | D:3      | Reached XP level 5. HP: 23/41 MP: 5/5
  2250 | D:3      | Noticed Natasha
  2253 | D:3      | Killed Natasha
  2784 | D:4      | Found a staircase to the Ecumenical Temple.
  2803 | Temple   | Entered the Ecumenical Temple
  2829 | Temple   | Became a worshipper of the Wu Jian Council
  3075 | D:4      | Found a sparkling altar of Nemelex Xobeh.
  3197 | D:4      | Noticed a phantom
  3206 | D:4      | Killed a phantom
  3351 | D:4      | Reached XP level 6. HP: 47/47 MP: 6/6
  3357 | D:4      | Noticed Sigmund
  3388 | D:4      | Killed Sigmund
  3659 | D:5      | Entered Level 5 of the Dungeon
  3670 | D:5      | Noticed a water moccasin
  3687 | D:5      | Killed a water moccasin
  3688 | D:5      | Gained mutation: You have a pair of antennae on your head.
                  | [demonic ancestry]
  3688 | D:5      | Reached XP level 7. HP: 54/54 MP: 7/7
  3719 | D:5      | Found a snail-covered altar of Cheibriados.
  3943 | D:5      | Found a burning altar of Makhleb.
  4023 | D:5      | Reached skill level 5 in Long Blades
  4142 | D:5      | Identified the +9 sling "Ehaawnad" {flame, ^Contam Str+3
                  | SInv}
  4205 | D:5      | Reached skill level 5 in Fighting
  4205 | D:5      | Reached skill level 5 in Dodging
  4205 | D:5      | Reached XP level 8. HP: 53/62 MP: 8/8
  4215 | D:5      | Reached * piety under Wu Jian
  4753 | D:6      | Found Haronysu's Antique Armour Emporium.
  4771 | D:6      | Bought a glowing cloak for 202 gold pieces
  4945 | D:6      | Found Irouf's Armour Shoppe.
  4960 | D:6      | Found Kolyme's Distillery.
  5289 | D:7      | Found a stormy altar of Qazlal.
  5507 | D:7      | Reached skill level 1 in Shields
  5787 | D:7      | Gained mutation: You have a pair of large antennae on your
                  | head. (SInv) [demonic ancestry]
  5787 | D:7      | Reached XP level 9. HP: 69/69 MP: 10/10
  5813 | D:7      | Reached skill level 1 in Spellcasting
  5830 | D:7      | Found a burning altar of Makhleb.
  6021 | D:8      | Found Zike's Tremendous Tomes.
  6071 | D:8      | Noticed a komodo dragon
  6085 | D:8      | Killed a komodo dragon
  6102 | D:8      | Reached ** piety under Wu Jian
  6125 | D:8      | Found a staircase to the Lair.
  6261 | D:6      | Bought a smoking leather armour for 189 gold pieces
  6261 | D:6      | Identified the +0 leather armour "Sosonlarph" {SInv} (You
                  | bought it in a shop on level 6 of the Dungeon)
  6371 | D:9      | Noticed an unseen horror
  6381 | D:9      | Killed an unseen horror
  6390 | D:9      | Noticed a two-headed ogre
  6404 | D:9      | Mangled by a two-headed ogre

Illustrated notes

Levels and vault maps discovered:
D:1:      dpeg_arrival_rooms_with_view, layout_rooms, serial_forest,
          infiniplex_forest_corner_2, infiniplex_forest_end_2,
          infiniplex_forest_clump_long, infiniplex_forest_zigzag_2,
          infiniplex_forest_fountain
D:2:      layout_basic, st_stairs_8, minmay_misc_feat_plants,
          chequers_serial_rivers_micro_e, uniq_crazy_yiuf_cottage
D:3:      layout_basic, amcnicky_altar_gilded, uniq_robin, uniq_natasha
D:4:      layout_loops_ring, overflow_temple_1_default,
          minmay_temple_entry_statues_fountains, nicolae_letterblocks
          [nicolae_letter_subblock, nicolae_letter_subblock,
          nicolae_letter_subblock, nicolae_letter_subblock,
          nicolae_letter_subblock, nicolae_letter_subblock,
          nicolae_letter_subblock, nicolae_letter_subblock,
          nicolae_letter_subblock, nicolae_letter_subblock,
          nicolae_letter_subblock, nicolae_letter_subblock,
          nicolae_letter_subblock, nicolae_letter_subblock,
          nicolae_letter_subblock, nicolae_letter_subblock,
          nicolae_letter_subblock, nicolae_letter_subblock,
          nicolae_letter_subblock, nicolae_letter_subblock,
          nicolae_letter_subblock, nicolae_letter_subblock,
          nicolae_letter_subblock, nicolae_letter_subblock,
          nicolae_letter_subblock], uniq_sigmund
D:5:      layout_layer_cave, nicolae_overflow_crystal_walls,
          overflow_temple_1_default
D:6:      layout_cave_pools, serial_shops, shop, shop,
          nicolae_shop_industrial_runoff
D:7:      layout_gridville, nicolae_qazlal_scattered_showers,
          david_defended_altar_orc
D:8:      layout_rooms, grunt_lair_entry_orc_guard_hut,
          nicolae_shop_i_like_big_books, serial_bayou_pond_e, minmay_hedge_maze,
          uniq_amaemon
D:9:      layout_small_grid, mainiacjoe_overflow_tiny_flanked,
          chequers_temple_overflow_statue_of_worship, hiddenorc1_lemuel,
          minmay_fractal_squares_5
Temple:   compressed_dpeg_triangle_lava_temple

Skill      XL: |  1  2  3  4  5  6  7  8  9 |
---------------+----------------------------+-----
Maces & Flails | 3 |  3.5
Dodging        | 3 4 5 |  5.8
Long Blades    | 1 3 4 5 7 |  7.7
Fighting       | 3 4 5 6 7 |  7.1
Shields        | 1 4 |  4.7
Spellcasting   | 3 |  3.2
Throwing       | |  1.7

Action                     |  1- 3 |  4- 6 |  7- 9 || total
---------------------------+-------+-------+-------++-------
  Melee: Flail             |    55 |       |       ||    55
         Whip              |    38 |       |       ||    38
         Double sword      |    15 |    83 |   151 ||   249
         Punch             |     1 |       |       ||     1
  Throw: Throwing net      |       |     3 |       ||     3
Ability: Lunge             |       |     3 |    16 ||    19
         Whirlwind         |       |       |     5 ||     5
   Stab: Sleeping          |       |       |     2 ||     2
 Armour: Leather armour    |    53 |       |       ||    53
         Ring mail         |    26 |    55 |   103 ||   184
  Dodge: Dodged            |    79 |    63 |    99 ||   241
  Block: Buckler           |       |       |    16 ||    16
